 Dungeon Crawl Stone Soup version 0.31-a0-846-gb3bcc0d938 (webtiles) character file.

Game seed: 276199132898066542

525 gruber the Fighter (level 7, -2/63 HPs)
             Began as a Gnoll Wanderer on Oct 3, 2023.
             Slain by a killer bee (5 damage)
             ... on level 4 of the Dungeon.
             The game lasted 00:02:16 (3055 turns).

gruber the Fighter (Gnoll Wanderer)                 Turns: 3055, Time: 00:02:16

Health: -2/63      AC:  6    Str: 13    XL:     7   Next: 23%
Magic:  10/10      EV: 11    Int: 10    God:
Gold:   153        SH:  0    Dex: 13    Spells: 10/10 levels left

rFire   . . .        a - +2 sling
rCold   . . .        (no shield)
rNeg    . . .        c - +0 ring mail
rPois   +            (no helmet)
rElec   .            (no cloak)
rCorr   .            (no gloves)
SInv    .            (no boots)
Will    .....        (no amulet)
Stlth   +            h - ring of poison resistance
HPRegen 0.30/turn    (no ring)
MPRegen 0.12/turn

%: no passive effects
@: no status effects
A: fangs 1, strong nose, distributed training
a: no special abilities


You were on level 4 of the Dungeon.
You visited 1 branch of the dungeon, and saw 6 of its levels.

You collected 153 gold pieces.

Inventory:

Hand Weapons
 a - a +2 sling (weapon)
 m - a +1 short sword of draining
Armour
 c - a +0 ring mail (worn)
Jewellery
 h - a ring of poison resistance (left hand)
Talismans
 g - a beast talisman
Scrolls
 d - a scroll of blinking
 e - 2 scrolls of enchant weapon {unknown}
 f - a scroll of fear {unknown}
 l - 7 scrolls of identify {unknown}
 n - a scroll of teleportation {unknown}
 p - a scroll of noise {unknown}
 q - a scroll of fog {unknown}
Potions
 b - 2 potions of attraction
 i - a potion of berserk rage {unknown}
 j - a potion of curing {unknown}
 k - 2 potions of magic {unknown}
 o - a potion of resistance {unknown}
 r - 2 potions of heal wounds {unknown}
 s - a potion of enlightenment {unknown}


   Skills:
 + Level 8.9 Fighting
 + Level 2.4 Short Blades
 + Level 2.4 Long Blades
 + Level 2.4 Axes
 + Level 2.4 Maces & Flails
 + Level 2.4 Polearms
 + Level 2.4 Staves
 + Level 5.2 Ranged Weapons
 + Level 2.4 Throwing
 + Level 5.2 Armour
 + Level 2.4 Dodging
 + Level 2.4 Stealth
 + Level 2.4 Shields
 + Level 3.5 Unarmed Combat
 + Level 2.4 Spellcasting
 + Level 2.0 Conjurations
 + Level 2.0 Hexes
 + Level 2.0 Summonings
 + Level 2.0 Necromancy
 + Level 2.0 Translocations
 + Level 2.0 Transmutations
 + Level 2.0 Fire Magic
 + Level 2.0 Ice Magic
 + Level 2.0 Air Magic
 + Level 2.0 Earth Magic
 + Level 2.0 Poison Magic
 + Level 3.7 Invocations
 + Level 2.4 Evocations
 + Level 2.2 Shapeshifting


You had 10 spell levels left.
You didn't know any spells.
Your spell library was empty.

Dungeon Overview and Level Annotations

Branches:
Dungeon (6/15)
 Temple: D:4-7

Altars:


Innate Abilities, Weirdness & Mutations

You have very sharp teeth.
Your uncanny sense of smell can sniff out nearby items.
Your experience applies equally to all skills.


Message History

The killer bee stings you.
Unknown command.
You shoot a sling bullet. The sling bullet misses the killer bee.
The sling bullet hits the hobgoblin!
You kill the hobgoblin!
The killer bee stings you. x2
The gnoll hits you from afar with a +0 halberd!
The killer bee stings you.
The gnoll hits you from afar with a +0 halberd!
* * * LOW HITPOINT WARNING * * *
You are too injured to fight recklessly!
Unknown command.
You are too injured to fight recklessly!
Unknown command.
You are too injured to fight recklessly!
Unknown command.
Fire: a) +2 sling
Press: ? - help, Q - select action Shift-Dir - straight line, f - gnoll, p - killer bee
Aim: a gnoll, wielding a +0 halberd (68% to hit)
You shoot a sling bullet. The sling bullet misses the killer bee.
The sling bullet hits the gnoll.
The gnoll is lightly wounded.
You hear an angry hiss.
The killer bee completely misses you. The killer bee stings you!
* * * LOW HITPOINT WARNING * * *
The gnoll barely misses you.
Unknown command.
Fire: a) +2 sling
Press: ? - help, Q - select action Shift-Dir - straight line, f/p - gnoll
Aim: a gnoll, wielding a +0 halberd (lightly wounded, 68% to hit)
You shoot a sling bullet.
The sling bullet barely misses the killer bee.
The sling bullet hits the gnoll.
The gnoll is moderately wounded.
The killer bee stings you but does no damage.
The killer bee barely misses you.
The gnoll hits you from afar with a +0 halberd.
* * * LOW HITPOINT WARNING * * *
The killer bee stings you.
You die...

#...............#
................#
...........###..
#..........# #
#.........##
####.......# #.......#
#########
#.......####gl.....#
##.....##.@y.##'##.....
##.......####.!g# #..
####..###∆ #...# ∆ #.##
#.F.# #.+ ∆


#lyg# ∆ #.# #...# #.. #...# ##. ∆∆∆ You could see an iguana, a killer bee and a
gnoll.

Vanquished Creatures
  An ogre (D:6)
  A centaur (D:6)
  A phantom (D:6)
  A bullfrog (D:4)
  A scorpion (D:3)
  Natasha (thrice) (D:2)
  2 adders (D:2)
  A worm (D:2)
  3 dart slugs
  8 orcs (D:3)
  7 endoplasms
  6 giant cockroaches
  6 hobgoblins
  2 quokkas
  3 ball pythons (D:3)
  4 bats
  3 frilled lizards
  3 goblins
  7 kobolds
  4 rats (D:1)
67 creatures vanquished.

Notes
Turn   | Place    | Note
-------+----------+-------------------------------------------
     0 | D:1      | gruber the Gnoll Wanderer began the quest for the Orb.
     0 | D:1      | gruber set off with the following items: a +2 sling, a
                  | potion of attraction, a +0 ring mail, a scroll of blinking.
     0 | D:1      | Reached XP level 1. HP: 26/26 MP: 2/2
   160 | D:1      | Reached XP level 2. HP: 33/33 MP: 3/3
   498 | D:1      | Reached XP level 3. HP: 38/38 MP: 4/4
   976 | D:2      | Reached skill level 1 in Short Blades
   976 | D:2      | Reached skill level 1 in Long Blades
   976 | D:2      | Reached skill level 1 in Axes
   976 | D:2      | Reached skill level 1 in Maces & Flails
   976 | D:2      | Reached skill level 1 in Polearms
   976 | D:2      | Reached skill level 1 in Staves
   976 | D:2      | Reached skill level 1 in Throwing
   976 | D:2      | Reached skill level 1 in Dodging
   976 | D:2      | Reached skill level 1 in Stealth
   976 | D:2      | Reached skill level 1 in Shields
   976 | D:2      | Reached skill level 1 in Spellcasting
   976 | D:2      | Reached skill level 1 in Evocations
  1014 | D:2      | Noticed Natasha
  1019 | D:2      | Killed Natasha
  1020 | D:2      | Reached skill level 1 in Shapeshifting
  1020 | D:2      | Reached XP level 4. HP: 38/45 MP: 6/6
  1167 | D:2      | Reached skill level 1 in Conjurations
  1167 | D:2      | Reached skill level 1 in Hexes
  1167 | D:2      | Reached skill level 1 in Summonings
  1167 | D:2      | Reached skill level 1 in Necromancy
  1167 | D:2      | Reached skill level 1 in Translocations
  1167 | D:2      | Reached skill level 1 in Transmutations
  1167 | D:2      | Reached skill level 1 in Fire Magic
  1167 | D:2      | Reached skill level 1 in Ice Magic
  1167 | D:2      | Reached skill level 1 in Air Magic
  1167 | D:2      | Reached skill level 1 in Earth Magic
  1167 | D:2      | Reached skill level 1 in Poison Magic
  1443 | D:2      | Noticed Natasha
  1451 | D:2      | Killed Natasha
  1592 | D:2      | Noticed Natasha
  1602 | D:2      | Killed Natasha
  1603 | D:2      | Reached XP level 5. HP: 29/51 MP: 7/7
  2052 | D:3      | Found a faded altar of an unknown god.
  2282 | D:3      | Reached XP level 6. HP: 42/57 MP: 8/8
  2597 | D:3      | You fall into a shaft and drop 3 floors!
  2615 | D:6      | Reached skill level 5 in Ranged Weapons
  2615 | D:6      | Reached skill level 5 in Armour
  2707 | D:6      | Reached XP level 7. HP: 22/63 MP: 10/10
  2908 | D:5      | Entered Level 5 of the Dungeon
  3055 | D:4      | HP: 3/63 [gnoll/+0 halberd (2)]
  3055 | D:4      | Slain by a killer bee

Illustrated notes

Levels and vault maps discovered:
D:1:      lightli_molten_gateway, layout_basic, fountainhead
D:2:      layout_loops_ring, lemuel_flame_loot_1, uniq_natasha
D:3:      layout_loops_corners, shapermc_ecumenical_altar_pompeii
D:4:      layout_rooms, xom_butterflies, minmay_divided_ellipse
D:5:      layout_loops_ring, zin_statuary
D:6:      layout_loops_ring, gammafunk_ghost_smash

Skill      XL: |  1  2  3  4  5  6  7 |
---------------+----------------------+-----
Short Blades   | 1 2 |  2.4
Long Blades    | 1 2 |  2.4
Axes           | 1 2 |  2.4
Maces & Flails | 1 2 |  2.4
Polearms       | 1 2 |  2.4
Staves         | 1 2 |  2.4
Throwing       | 1 2 |  2.4
Dodging        | 1 2 |  2.4
Stealth        | 1 2 |  2.4
Shields        | 1 2 |  2.4
Spellcasting   | 1 2 |  2.4
Evocations     | 1 2 |  2.4
Shapeshifting  | 1 2 |  2.2
Conjurations   | 1 2 |  2.0
Hexes          | 1 2 |  2.0
Summonings     | 1 2 |  2.0
Necromancy     | 1 2 |  2.0
Translocations | 1 2 |  2.0
Transmutations | 1 2 |  2.0
Fire Magic     | 1 2 |  2.0
Ice Magic      | 1 2 |  2.0
Air Magic      | 1 2 |  2.0
Earth Magic    | 1 2 |  2.0
Poison Magic   | 1 2 |  2.0
Invocations    | 3 |  3.7
Unarmed Combat | 3 |  3.5
Ranged Weapons | 5 |  5.2
Armour         | 5 |  5.2
Fighting       | |  8.9

Action                     |  1- 3 |  4- 6 |  7- 9 || total
---------------------------+-------+-------+-------++-------
   Fire: Sling             |    78 |   131 |    11 ||   220
 Armour: Ring mail         |    28 |    70 |    19 ||   117
  Dodge: Dodged            |    16 |    49 |    14 ||    79

Table legend: (Time is in decaauts)
 A = Elapsed time spent in this place.
 B = Non-inter-level travel time spent in this place.
 C = Inter-level travel time spent in this place.
 D = Time resting spent in this place.
 E = Time spent auto-exploring this place.
 F = Levels seen in this place.
 G = Mean time per level.
                   A        B        C        D        E       F      G
               +--------+--------+--------+--------+--------+-----+--------+
         Total |   3135 |   3059 |     76 |      0 |   2628 |   6 |  522.5 |
       Dungeon |   3135 |   3059 |     76 |      0 |   2628 |   6 |  522.5 |
               +--------+--------+--------+--------+--------+-----+--------+

Top non-repeatable levels by time:
     D:2: 1073 daAuts
     D:3: 860 daAuts
     D:1: 733 daAuts
     D:6: 319 daAuts
     D:5: 105 daAuts
     D:4: 43 daAuts
